 Dungeon Crawl Stone Soup version 0.17.0-22-g5edae84 (webtiles) character file.

144 RepoMan the Stinger (level 5, 0/37 (38) HPs)
             Began as a Ghoul Venom Mage on Nov 13, 2015.
             Slain by a worker ant (1 damage)
             ... on level 4 of the Dungeon.
             The game lasted 00:23:27 (3693 turns).

RepoMan the Stinger (Ghoul Venom Mage)              Turns: 3693, Time: 00:23:27

HP:   0/37 (38)     AC:  3    Str: 12    XL:     5   Next: 26%
MP:   0/7           EV: 12    Int: 11    God:
Gold: 155           SH:  0    Dex:  9    Spells: 2 memorised, 4 levels left

rFire  . . .     SeeInvis .     (no weapon)
rCold  + . .     Clarity  .     a - +0 robe
rNeg   + + +     SustAt   .     (no shield)
rPois  ∞         Gourm    .     p - +0 helmet
rElec  .         Spirit   .     (no cloak)
rCorr  .         Warding  .     (no gloves)
rMut   .         Stasis   .     (no boots)
MR     .....                    (no amulet)
Stlth  ++........               (no ring)
                                (no ring)

@: very slightly contaminated, rotting, not resistant to hostile enchantments,
unstealthy
A: rotting body, claws 1, carnivore 3, cold resistance 1, negative energy
resistance 3, slow regeneration 1, torment resistance, unbreathing
a: no special abilities


You were on level 4 of the Dungeon.
You were hungry.

You visited 1 branch of the dungeon, and saw 4 of its levels.

You collected 155 gold pieces.

Inventory:

Missiles
 o - 4 silver javelins (quivered)
Armour
 a - a +0 robe (worn)
 p - a +0 helmet (worn)
Jewellery
 l - a cursed +4 ring of intelligence {unknown}
Scrolls
 d - 2 scrolls of enchant weapon {unknown}
 f - 4 scrolls of identify {unknown}
 g - 4 scrolls of random uselessness {unknown}
 h - 4 scrolls of enchant armour {unknown}
 j - 3 scrolls of fear {unknown}
 m - a scroll of remove curse {unknown}
 n - a scroll of magic mapping {unknown}
 q - a scroll of fog {unknown}
Potions
 e - a potion of degeneration {unknown}
 i - a potion of brilliance {unknown}
 k - a potion of agility {unknown}
Books
 b - a Young Poisoner's Handbook

   Spells                             Type                      Level
   a - Sting                          Conjuration/Poison           1
   b - Cure Poison                    Poison                       2
   c - Mephitic Cloud                 Conjuration/Poison/Air       3
   d - Olgreb's Toxic Radiance        Poison                       4
   e - Venom Bolt                     Conjuration/Poison           5
Comestibles
 c - a meat ration


   Skills:
 - Level 1.7 Dodging
 - Level 2.1 Stealth
 + Level 2.4 Spellcasting
 + Level 1.8 Conjurations
 * Level 5.4 Poison Magic


You had 4 spell levels left.
You knew the following spells:

 Your Spells              Type           Power        Failure   Level  Hunger
a - Sting                 Conj/Pois      #...         10%         1    ##.....
b - Mephitic Cloud        Conj/Pois/Air  #.......     30%         3    ####...


Dungeon Overview and Level Annotations

Branches:
Dungeon (4/15)
 Temple: D:4-7

Altars:

Annotations:
D:3 jazmu's ghost, amateur KoHu


Innate Abilities, Weirdness & Mutations

Your body is rotting away.
You thrive on raw meat.
You are immune to poison.
You have sharp fingernails.
You are carnivorous and can eat meat at any time.
Your flesh is cold resistant.
You are immune to negative energy.
You regenerate slowly when monsters are visible.
You are immune to unholy pain and torment.
You can survive without breathing.


Message History

You are feeling hungry.
You hear the slow hiss of an avalanche of sand nearby.
The worker ant bites you.
* * * LOW HITPOINT WARNING * * *
Unknown command.
Unknown command.
Unknown command.
The worker ant closely misses you.
Casting: Mephitic Cloud
Confirm with . or Enter, or press ? or * to list all spells.
Aiming: Mephitic Cloud
Press: ? - help, Shift-Dir - straight line, f/p - worker ant
Aim: a worker ant (moderately wounded)
You miscast Mephitic Cloud.
The air around you crackles with energy!
The worker ant completely misses you.
Drink which item? (? for menu, Esc to quit)
It was a potion of lignification.
You feel woody for a moment. The worker ant bites you.
You die...

#..######...
##....##.....
###....#......#
###...#####....##
###...### ##...#
#...### #...##
#...# #....# ##..#
##...# #@a## #....
#...###########...
##...........####.
#...........# #
##########..# ##.#
#.## #..# #..#


You could see a worker ant.

Vanquished Creatures
  Jessica (D:2)
  5 adders (D:2)
  An ooze (D:3)
  A worm (D:2)
  4 giant geckos
  4 giant cockroaches
  9 goblins
  7 hobgoblins
  2 jackals (D:1)
  8 kobolds
  A quokka (D:2)
  9 bats
  2 giant newts (D:2)
  7 rats
61 creatures vanquished.

Notes
Turn   | Place    | Note
--------------------------------------------------------------
     0 | D:1      | RepoMan the Ghoul Venom Mage began the quest for the Orb.
     0 | D:1      | Reached XP level 1. HP: 14/14 MP: 2/2
   245 | D:1      | Reached XP level 2. HP: 15/20 MP: 1/3
   784 | D:1      | Reached XP level 3. HP: 16/26 MP: 0/4
  1175 | D:1      | Reached skill level 1 in Conjurations
  1437 | D:2      | Found a faded altar to an unknown god.
  1858 | D:2      | Reached XP level 4. HP: 17/33 MP: 0/6
  2137 | D:2      | Reached skill level 5 in Poison Magic
  2431 | D:2      | Noticed Jessica
  2582 | D:2      | Killed Jessica
  2582 | D:2      | Reached XP level 5. HP: 16/37 MP: 0/7
  2757 | D:2      | Learned a level 3 spell: Mephitic Cloud
  3391 | D:3      | Noticed jazmu's ghost (amateur KoHu)
  3684 | D:4      | HP: 1/37 [worker ant (5)]
  3693 | D:4      | Slain by a worker ant

Action                   |  1- 3 |  4- 6 || total
-------------------------+-------+-------++-------
Melee: Unarmed           |    73 |    66 ||   139
Throw: Javelin           |       |     4 ||     4
 Cast: Sting             |    77 |    76 ||   153
  Use: Potion            |       |     1 ||     1
  Eat: Chunk             |     6 |     8 ||    14
